Map: Lerilak Crest

Players

ReacH

  • Race: Protoss Protoss
  • League: Diamond

Nars - Winner!

  • Race: Protoss Protoss
  • League: Master

VOD

Have the link to the VOD?

Description

Time

  • Played on: March 10, 2016, 6:47 p.m.
  • Length: 5:13
Show
View Real Time Build Order
Export as new Build Order

ReacH Protoss 

Build Orders: 1 Gate Expand 

Get SALT Encoding   

  12  0:01  Probe (Chrono Boost)  
  13  0:11  Probe (Chrono Boost)  
  14  0:18  Pylon  
  14  0:22  Probe (Chrono Boost)  
  15  0:36  Probe (Chrono Boost), Gateway  
  16  0:47  Probe (Chrono Boost)  
  16  0:48  Assimilator  
  17  0:57  Probe (Chrono Boost)  
  18  1:08  Probe (Chrono Boost)  
  19  1:21  Nexus  
  19  1:22  Probe (Chrono Boost)  
  20  1:33  Probe (Chrono Boost)  
  20  1:37  Cybernetics Core  
  21  1:43  Probe (Chrono Boost)  
  21  1:44  Assimilator  
  22  1:50  Pylon  
  23  1:54  Probe (Chrono Boost)  
  24  2:08  Probe (Chrono Boost)  
  24  2:14  Stalker (Chrono Boost)  
  26  2:19  Mothership Core  
  28  2:41  Probe, Stalker (Chrono Boost)  
  28  2:43  Warp Gate  
  31  2:46  Probe, Pylon  
  32  2:53  Probe  
  32  2:57  Probe  
  33  3:07  Stalker (Chrono Boost)  
  34  3:17  Probe  
  35  3:26  Probe, Stargate  
  34  3:34  Probe  
  34  3:40  Probe  
  36  3:55  Probe  
  37  4:00  Probe  
  34  4:07  Probe (Chrono Boost)  
  34  4:09  Gateway  
  34  4:11  Oracle (Chrono Boost)  
  34  4:14  Gateway  
  34  4:15  Probe (Chrono Boost)  
  38  4:19  Probe (Chrono Boost)  
  39  4:26  Probe (Chrono Boost), Assimilator  
  39  4:28  Assimilator  
  37  4:39  Probe (Chrono Boost), Pylon  
  31  4:52  Probe (Chrono Boost)  
  31  4:55  Mothership Core (Chrono Boost)  
  30  5:00  Stalker  
  26  5:10  Stalker  
Show
View Real Time Build Order
Export as new Build Order

Nars Protoss - Winner!

Build Orders: Blink Stalkers 

Get SALT Encoding   

  12  0:00  Probe (Chrono Boost)  
  13  0:11  Probe (Chrono Boost)  
  14  0:17  Pylon  
  14  0:22  Probe (Chrono Boost)  
  16  0:35  Probe (Chrono Boost)  
  16  0:38  Gateway  
  16  0:44  Assimilator  
  16  0:46  Probe (Chrono Boost)  
  17  0:55  Assimilator  
  18  0:57  Probe (Chrono Boost)  
  18  1:07  Probe (Chrono Boost)  
  19  1:13  Gateway  
  19  1:18  Probe (Chrono Boost)  
  20  1:26  Cybernetics Core  
  20  1:33  Probe (Chrono Boost)  
  21  1:41  Pylon  
  21  1:46  Probe (Chrono Boost)  
  22  1:57  Probe (Chrono Boost)  
  23  2:02  Warp Gate (Chrono Boost)  
  23  2:03  Adept x2  
  27  2:13  Twilight Council  
  27  2:23  Pylon  
  27  2:30  Adept  
  27  2:33  Adept  
  31  2:43  Gateway  
  31  2:53  Blink (Chrono Boost)  
  31  3:04  Gateway  
  29  3:41  Pylon  
  27  3:52  Stalker x2  
  31  4:04  Stalker  
  29  4:12  Mothership Core  
  29  4:15  Stalker x2  
  35  4:18  Stalker  
  33  4:46  Stalker x4  
  41  4:56  Robotics Facility  
Tags
 
Add a new tag
Caveats
  • Supply blocks, unpowered buildings, or Contaminate may cause inaccurate times.
  • Supply counts are checked every 10 seconds.